 Dungeon Crawl Stone Soup version 0.21.1-1-g345015f (webtiles) character file.

67 rlgrobin the Shooter (level 4, -3/38 HPs)
             Began as a Gnoll Wanderer on Apr 7, 2018.
             Slain by a gnoll
             ... wielding a +0 flail
              (6 damage)
             ... on level 1 of the Dungeon.
             The game lasted 00:04:11 (891 turns).

rlgrobin the Shooter (Gnoll Wanderer)                Turns: 891, Time: 00:04:11

Health: -3/38      AC:  8    Str: 14    XL:     4   Next: 16%
Magic:  8/8        EV: 10    Int: 15    God:
Gold:   25         SH:  0    Dex: 15    Spells: 6/8 levels left

rFire    . . .     SeeInvis .   i - +0 spear
rCold    . . .     Gourm    .   (no shield)
rNeg     . . .     Faith    .   b - +0 ring mail
rPois    .         Spirit   .   (no helmet)
rElec    .         Reflect  .   (no cloak)
rCorr    .         Harm     .   d - +2 pair of gloves
MR       .....                  (no boots)
Stlth    +.........             (no amulet)
HPRegen  0.12/turn              (no ring)
MPRegen  0.11/turn              (no ring)

@: no status effects
A: distributed training, fangs 1, strong nose
a: no special abilities


You were on level 1 of the Dungeon.
You were not hungry.

You visited 1 branch of the dungeon, and saw 2 of its levels.

You collected 25 gold pieces.


Innate Abilities, Weirdness & Mutations

Your experience applies equally to all skills.
You have very sharp teeth.
Your uncanny sense of smell can sniff out nearby items.


   Skills:
 + Level 4.6 Fighting
 + Level 1.0 Short Blades
 + Level 1.0 Long Blades
 + Level 1.0 Axes
 + Level 1.0 Maces & Flails
 + Level 1.0 Polearms
 + Level 1.0 Staves
 + Level 1.0 Slings
 + Level 4.6 Bows
 + Level 1.0 Crossbows
 + Level 1.0 Throwing
 + Level 2.7 Armour
 + Level 1.0 Dodging
 + Level 1.0 Stealth
 + Level 2.7 Shields
 + Level 1.0 Unarmed Combat
 + Level 2.9 Spellcasting
 + Level 0.8 Conjurations
 + Level 0.8 Hexes
 + Level 0.8 Charms
 + Level 0.8 Summonings
 + Level 0.8 Necromancy
 + Level 2.2 Translocations
 + Level 0.8 Transmutations
 + Level 2.2 Fire Magic
 + Level 0.8 Ice Magic
 + Level 0.8 Air Magic
 + Level 0.8 Earth Magic
 + Level 0.8 Poison Magic
 + Level 1.1 Invocations
 + Level 2.7 Evocations


You had 6 spell levels left.
You knew the following spells:

 Your Spells              Type           Power        Failure   Level  Hunger
b - Blink                 Tloc           N/A          24%         2    ##.....

Inventory:

Hand Weapons
 i - a +0 spear (weapon)
 k - a +0 hunting sling
Armour
 b - a +0 ring mail (worn)
 d - a +2 pair of gloves (worn)
Scrolls
 c - 2 scrolls of teleportation {@r4}
 e - 2 scrolls of remove curse
 j - a scroll of identify {unknown}
 n - a scroll of fog {unknown}
Potions
 g - 4 potions of might {unknown}
 l - a potion of berserk rage {unknown}
 m - a potion of resistance {unknown}
Books
 a - a book of Spatial Translocations

   Spells                             Type                      Level
   a - Blink                          Translocation                2
   b - Shroud of Golubria             Charms/Translocation         2
   c - Lesser Beckoning               Translocation                3
   d - Gell's Gravitas                Translocation                3
   e - Teleport Other                 Translocation                3
   f - Passage of Golubria            Translocation                4
Comestibles
 f - 2 rations
 o - 4 chunks of flesh

Dungeon Overview and Level Annotations

Branches:
Dungeon (2/15)

Altars:

▒▒▒▒▒▒▒▒▒▒▒▒▒▒▒
▒▒▒▒▒▒▒▒▒▒▒▒▒▒▒..............
▒▒...▒.......gg..▒▒▒▒▒▒▒▒▒▒▒▒▒
▒▒.........▒▒▒▒▒▒.†.▒
▒...........▒ ▒.>.▒
▒...........▒ ▒▒...▒ ▒▒▒▒▒▒▒▒
▒...........▒ ▒....▒ ▒▒.......
▒▒.........▒▒ ▒.▒▒.▒▒▒..▒▒▒▒▒.
▒▒...▒.....▒ ▒.▒▒..▒▒.▒▒ ▒▒
▒▒▒▒▒▒▒▒▒.▒ ▒.▒▒▒.▒▒.▒ ▒.▒
▒▒(.....>.▒


You could see a gnoll.


Message History

You take 3 damage, and have 5/38 hp!
You closely miss the gnoll!
The gnoll is moderately wounded!
The gnoll hits you with a flail! * * * don't die
* * * You take 3 damage, and have 2/38 hp!
You skewer the gnoll like a kebab!
The gnoll is moderately wounded!
You closely miss the gnoll!
The gnoll is moderately wounded!
The gnoll barely misses you!
You perforate the gnoll like a sieve!
The gnoll is severely wounded!
The gnoll hits you but does no damage!
You closely miss the gnoll!
The gnoll is severely wounded!
The gnoll hits you but does no damage!
You perforate the gnoll like a sieve!
The gnoll is severely wounded!
The gnoll barely misses you!
You closely miss the gnoll!
The gnoll is severely wounded!
The gnoll hits you but does no damage!
You closely miss the gnoll!
The gnoll is severely wounded!
The gnoll closely misses you!
You closely miss the gnoll!
The gnoll is severely wounded!
The gnoll hits you with a flail! rip

Action                   |  1- 3 |  4- 6 || total
-------------------------+-------+-------++-------
Melee: Whip              |    12 |       ||    12
       Club              |     5 |       ||     5
       Bite              |     8 |     5 ||    13
       Spear             |    83 |    48 ||   131
  Use: Scroll            |       |     1 ||     1
 Stab: Distracted        |     1 |       ||     1
Armor: Ring mail         |    29 |    37 ||    66
Dodge: Dodged            |    34 |    36 ||    70

Vault maps used:
D:1:      sevenhm_arrival_forest_fort_small_6, st_stairs_10
D:2:      lemuel_coloured_pillars_altar, nicolae_qazlal_general_emergency

Notes
Turn   | Place    | Note
-------+----------+-------------------------------------------
     0 | D:1      | rlgrobin the Gnoll Wanderer began the quest for the Orb.
     0 | D:1      | rlgrobin set off with: a book of Spatial Translocations, a +0 ring mail, a scroll of teleportation {@r4}, a +0 club, a ration
     0 | D:1      | Reached XP level 1. HP: 20/20 MP: 4/4
    72 | D:1      | Reached skill level 2 in Translocations
    72 | D:1      | Reached skill level 2 in Fire Magic
    76 | D:1      | Reached XP level 2. HP: 26/26 MP: 5/5
   164 | D:1      | Reached XP level 3. HP: 31/31 MP: 7/7
   170 | D:1      | Learned a level 2 spell: Blink
   639 | D:1      | Reached skill level 1 in Invocations
   682 | D:1      | Reached skill level 1 in Short Blades
   682 | D:1      | Reached skill level 1 in Long Blades
   682 | D:1      | Reached skill level 1 in Axes
   682 | D:1      | Reached skill level 1 in Maces & Flails
   682 | D:1      | Reached skill level 1 in Polearms
   682 | D:1      | Reached skill level 1 in Staves
   682 | D:1      | Reached skill level 1 in Slings
   682 | D:1      | Reached skill level 1 in Crossbows
   682 | D:1      | Reached skill level 1 in Throwing
   682 | D:1      | Reached skill level 1 in Dodging
   682 | D:1      | Reached skill level 1 in Stealth
   682 | D:1      | Reached skill level 1 in Unarmed Combat
   682 | D:1      | Reached XP level 4. HP: 30/38 MP: 8/8
   883 | D:1      | HP: 2/38 [gnoll/flail (3)]
   891 | D:1      | Slain by a gnoll

Vanquished Creatures
  2 gnolls (D:1)
  An adder (D:1)
  2 dart slugs
  A leopard gecko (D:1)
  A giant cockroach (D:1)
  5 goblins (D:1)
  8 hobgoblins (D:1)
  3 jackals (D:1)
  3 kobolds (D:1)
  A frilled lizard (D:1)
  4 rats (D:1)
31 creatures vanquished.
